MLB
ARIZONA DIAMONDBACKS @ SAN DIEGO PADRES
08/17/2023
 
TOP OF THE 1ST
Arizona Diamondbacks batting - Pitching for San Diego Padres : RHP Xzavion Curry
Pitching: RHP Xzavion Curry
Batting: LHB Raimel Tapia 0-0: Ball
1-0: Ball
2-0: Fly out, F7 (Flyball, 7LS, EV 88.1 MPH)
Batting: LHB Alex Verdugo 0-0: Ball
1-0: Called Strike
1-1: Ball
2-1: SINGLE (Line Drive, 4MD, EV 98.8 MPH)
Batting: RHB Fernando Tatis Jr. 0-0: Called Strike
0-1: Ball
1-1: Ball
2-1: 2-RUN HOME RUN (Flyball, 7LD, EV 101.9 MPH), Distance : 384 ft
Batting: RHB Anthony Rendon 0-0: Ball
1-0: Called Strike
1-1: Ball
2-1: Fly out, F2 (Popup, 25F, EV 80.0 MPH)
Batting: LHB Pavin Smith 0-0: Foul Ball, location: 25FF
0-1: Called Strike
0-2: Ball
1-2: Fly out, F8 (Flyball, 8RXD, EV 110.0 MPH)
Top of the 1st over - 2 runs, 2 hits, 0 errors, 0 left on base; Arizona 2 - San Diego 0
BOTTOM OF THE 1ST
San Diego Padres batting - Pitching for Arizona Diamondbacks : RHP Corbin Burnes
Pitching: RHP Corbin Burnes
Batting: LHB Mike Moustakas 0-0: Ball
1-0: Swinging Strike
1-1: Ball
2-1: SOLO HOME RUN (Flyball, 8LXD, EV 108.1 MPH), Distance : 433 ft
Batting: RHB Harrison Bader 0-0: Called Strike
0-1: Ball
1-1: Ball
2-1: Swinging Strike
2-2: SINGLE (Line Drive, 34D, EV 108.1 MPH)
Batting: LHB Freddie Freeman 0-0: Ball
1-0: SINGLE (Groundball, 34D, EV 97.5 MPH)
Harrison Bader to second
Runner from 2nd tries for 3rd, SAFE, no throw by RF
Batting: RHB Seiya Suzuki 0-0: Fly out, F7 (Flyball, 7LS, EV 90.6 MPH)
Batting: LHB Joc Pederson 0-0: Ball
1-0: Swinging Strike
1-1: Called Strike
1-2: Ball
2-2: Ball
3-2: Strikes out swinging
Batting: SHB Tommy Edman 0-0: Ball
1-0: Ball
2-0: DOUBLE (Line Drive, 9LM, EV 108.1 MPH)
Harrison Bader scores
Freddie Freeman to third
Batting: SHB Carlos Santana 0-0: Ground out 6-3 (Groundball, 4M, EV 82.5 MPH)
Bottom of the 1st over - 2 runs, 4 hits, 0 errors, 2 left on base; Arizona 2 - San Diego 2
TOP OF THE 2ND
Arizona Diamondbacks batting - Pitching for San Diego Padres : RHP Xzavion Curry
Batting: LHB Ryan McMahon 0-0: Ball
1-0: Foul Ball, location: 2F
1-1: Swinging Strike
1-2: Ball
2-2: Ball
3-2: SINGLE (Line Drive, 7S, EV 110.6 MPH)
Batting: RHB Ramon Laureano 0-0: Foul Ball, location: 2F
0-1: Ball
1-1: Called Strike
1-2: Ball
2-2: Fly out, F8 (Flyball, 8LS, EV 80.0 MPH)
Batting: RHB Patrick Wisdom 0-0: Foul Ball, location: 5F
0-1: Grounds into double play, 6-4-3 (Groundball, 6, EV 101.3 MPH)
Top of the 2nd over - 0 runs, 1 hit, 0 errors, 0 left on base; Arizona 2 - San Diego 2
BOTTOM OF THE 2ND
San Diego Padres batting - Pitching for Arizona Diamondbacks : RHP Corbin Burnes
Batting: RHB Edmundo Sosa 0-0: Called Strike
0-1: Ball
1-1: Ball
2-1: Called Strike
2-2: Strikes out swinging
Batting: RHB Jorge Alfaro 0-0: Fly out, F7 (Flyball, 7, EV 83.8 MPH)
Batting: LHB Mike Moustakas 0-0: Swinging Strike
0-1: Ball
1-1: Ball
2-1: Ball
3-1: DOUBLE (Line Drive, 89M, EV 96.3 MPH)
Batting: RHB Harrison Bader 0-0: Foul Ball, location: 25F
0-1: Foul Ball, location: 2F
0-2: Strikes out swinging
Bottom of the 2nd over - 0 runs, 1 hit, 0 errors, 1 left on base; Arizona 2 - San Diego 2
TOP OF THE 3RD
Arizona Diamondbacks batting - Pitching for San Diego Padres : RHP Xzavion Curry
Batting: RHB William Contreras 0-0: Called Strike
0-1: Called Strike
0-2: SINGLE (Flyball, 89S, EV 93.1 MPH)
Batting: LHB Raimel Tapia 0-0: Called Strike
0-1: Ball
1-1: Fielders Choice at 2nd, 6-4 (Groundball, 6S, EV 90.6 MPH)
Batting: LHB Alex Verdugo 0-0: Called Strike
0-1: Foul Ball, location: 5F
0-2: Foul Ball, location: 5SF
0-2: Fly out, F8 (Flyball, 8RM, EV 87.5 MPH)
Batting: RHB Fernando Tatis Jr. 0-0: Ball
1-0: Ball
2-0: Called Strike
2-1: Ball
3-1: Foul Ball, location: 7LMF
3-2: Foul Ball, location: 2F
3-2: Foul Ball, location: 23FF
3-2: Fly out, F2 (Popup, 23F, EV 87.5 MPH)
Top of the 3rd over - 0 runs, 1 hit, 0 errors, 1 left on base; Arizona 2 - San Diego 2
BOTTOM OF THE 3RD
San Diego Padres batting - Pitching for Arizona Diamondbacks : RHP Corbin Burnes
Batting: LHB Freddie Freeman 0-0: Ball
1-0: Ground out 4-3 (Groundball, 34D, EV 101.3 MPH)
Batting: RHB Seiya Suzuki 0-0: Ball
1-0: SINGLE (Line Drive, 78S, EV 85.6 MPH)
Batting: LHB Joc Pederson 0-0: Ball
1-0: Ball
2-0: Called Strike
2-1: Ball
3-1: Fly out, F8 (Flyball, 89S, EV 81.9 MPH)
Batting: SHB Tommy Edman 0-0: Ball
Wild Pitch!
Seiya Suzuki to second
1-0: Ball
2-0: Called Strike
2-1: Ball
3-1: Foul Ball, location: 2F
3-2: Strikes out swinging
Bottom of the 3rd over - 0 runs, 1 hit, 0 errors, 1 left on base; Arizona 2 - San Diego 2
TOP OF THE 4TH
Arizona Diamondbacks batting - Pitching for San Diego Padres : RHP Xzavion Curry
Batting: RHB Anthony Rendon 0-0: Fly out, F8 (Flyball, 89S, EV 92.5 MPH)
Batting: LHB Pavin Smith 0-0: Called Strike
0-1: Fly out, F9 (Flyball, 89S, EV 74.4 MPH)
Batting: LHB Ryan McMahon 0-0: Fly out, F8 (Flyball, 8RD, EV 104.4 MPH)
Top of the 4th over - 0 runs, 0 hits, 0 errors, 0 left on base; Arizona 2 - San Diego 2
BOTTOM OF THE 4TH
San Diego Padres batting - Pitching for Arizona Diamondbacks : RHP Corbin Burnes
Batting: SHB Carlos Santana 0-0: Ball
1-0: Called Strike
1-1: Ball
2-1: Called Strike
2-2: Foul Ball, location: 2F
2-2: Foul Ball, location: 3FF
2-2: Foul Ball, location: 3F
2-2: Ball
3-2: Base on Balls
Batting: RHB Edmundo Sosa 0-0: Bunted foul
0-1: Sac Bunt to 3S - play at first, batter safe!
Carlos Santana to second
Batting: RHB Jorge Alfaro 0-0: Called Strike
0-1: Grounds into double play, 6-4-3 (Groundball, 6, EV 108.1 MPH)
Carlos Santana to third
Batting: LHB Mike Moustakas 0-0: Called Strike
0-1: Ground out 4-3 (Groundball, 4, EV 99.4 MPH)
Bottom of the 4th over - 0 runs, 1 hit, 0 errors, 1 left on base; Arizona 2 - San Diego 2
TOP OF THE 5TH
Arizona Diamondbacks batting - Pitching for San Diego Padres : RHP Xzavion Curry
Batting: RHB Ramon Laureano 0-0: Called Strike
0-1: Ball
1-1: SOLO HOME RUN (Flyball, 9LD, EV 93.1 MPH), Distance : 338 ft
Batting: RHB Patrick Wisdom 0-0: Called Strike
0-1: Ball
1-1: Called Strike
1-2: Foul Ball, location: 2F
1-2: Strikes out looking
Batting: RHB William Contreras 0-0: Ball
1-0: Ball
2-0: Ball
3-0: Called Strike
3-1: DOUBLE (Line Drive, 78M, EV 96.9 MPH)
Batting: LHB Raimel Tapia 0-0: Called Strike
0-1: SINGLE (Groundball, 6MD, EV 102.5 MPH)
William Contreras to third
Batting: LHB Alex Verdugo 0-0: Called Strike
0-1: Ball
1-1: Called Strike
Raimel Tapia steals 2nd base
1-2: Foul Ball, location: 7LDF
1-2: SINGLE (Line Drive, 6M, EV 95.0 MPH)
William Contreras scores
Raimel Tapia to third
Batting: RHB Fernando Tatis Jr. 0-0: Ball
1-0: Swinging Strike
1-1: Ball
2-1: Ball
3-1: Fly out, F3 (Popup, 3SF, EV 80.0 MPH)
Batting: RHB Anthony Rendon 0-0: Called Strike
0-1: Swinging Strike
0-2: SINGLE (Groundball, 34D, EV 97.5 MPH)
Raimel Tapia scores
Alex Verdugo to second
Runner from 2nd tries for 3rd, SAFE, no throw by RF
Pitching: RHP Ben Leeper
Batting: LHB Pavin Smith 0-0: Ground out 4-3 (Groundball, 4, EV 107.5 MPH)
Top of the 5th over - 3 runs, 5 hits, 0 errors, 2 left on base; Arizona 5 - San Diego 2
BOTTOM OF THE 5TH
San Diego Padres batting - Pitching for Arizona Diamondbacks : RHP Corbin Burnes
Batting: RHB Harrison Bader 0-0: Called Strike
0-1: Ball
1-1: Ball
2-1: Called Strike
2-2: Ball
3-2: Base on Balls
Batting: LHB Freddie Freeman 0-0: Fly out, F7 (Line Drive, 7, EV 92.5 MPH)
Batting: RHB Seiya Suzuki 0-0: Called Strike
0-1: Swinging Strike
0-2: Ball
1-2: Strikes out swinging
Batting: LHB Joc Pederson 0-0: Ball
1-0: Foul Ball, location: 3SF
1-1: Ground out 4-3 (Groundball, 4, EV 83.1 MPH)
Bottom of the 5th over - 0 runs, 0 hits, 0 errors, 1 left on base; Arizona 5 - San Diego 2
TOP OF THE 6TH
Arizona Diamondbacks batting - Pitching for San Diego Padres : RHP Ben Leeper
Batting: LHB Ryan McMahon 0-0: Called Strike
0-1: Ball
1-1: Ball
2-1: Swinging Strike
2-2: Ball
3-2: Strikes out swinging
Batting: RHB Ramon Laureano 0-0: Ball
1-0: Ball
2-0: Called Strike
2-1: Foul Ball, location: 2F
2-2: Foul Ball, location: 2F
2-2: Ball
3-2: Fly out, F7 (Flyball, 7LS, EV 93.1 MPH)
Batting: RHB Patrick Wisdom 0-0: Ball
1-0: Called Strike
1-1: Fly out, F8 (Flyball, 8RD, EV 82.5 MPH)
Top of the 6th over - 0 runs, 0 hits, 0 errors, 0 left on base; Arizona 5 - San Diego 2
BOTTOM OF THE 6TH
San Diego Padres batting - Pitching for Arizona Diamondbacks : RHP Corbin Burnes
Batting: SHB Tommy Edman 0-0: Foul Ball, location: 7LMF
0-1: Ball
1-1: Fly out, F8 (Line Drive, 8LM, EV 86.3 MPH)
Batting: SHB Carlos Santana 0-0: Swinging Strike
0-1: Swinging Strike
0-2: Ball
1-2: Ball
2-2: Fly out, F9 (Flyball, 9LS, EV 90.6 MPH)
Batting: RHB Edmundo Sosa 0-0: Called Strike
0-1: Foul Ball, location: 3F
0-2: Ball
1-2: Ball
2-2: Foul Ball, location: 2F
2-2: SINGLE (Flyball, 4D, EV 97.5 MPH)
Batting: RHB Jorge Alfaro 0-0: Called Strike
Edmundo Sosa is caught stealing 2nd base 2-4
Bottom of the 6th over - 0 runs, 1 hit, 0 errors, 0 left on base; Arizona 5 - San Diego 2
TOP OF THE 7TH
Arizona Diamondbacks batting - Pitching for San Diego Padres : RHP Ben Leeper
Pitching: LHP Tanner Scott
Batting: RHB William Contreras 0-0: Ball
1-0: Foul Ball, location: 7LDF
1-1: Foul Ball, location: 7LDF
1-2: Ball
2-2: Foul Ball, location: 2F
2-2: Strikes out swinging
Batting: LHB Raimel Tapia 0-0: Ball
1-0: Ball
2-0: Foul Ball, location: 7LSF
2-1: Foul Ball, location: 5SF
2-2: Fly out, F7 (Line Drive, 78S, EV 95.0 MPH)
Batting: LHB Alex Verdugo 0-0: Ball
1-0: Ball
2-0: Called Strike
2-1: Swinging Strike
2-2: Foul Ball, location: 7LDF
2-2: Strikes out swinging
Top of the 7th over - 0 runs, 0 hits, 0 errors, 0 left on base; Arizona 5 - San Diego 2
BOTTOM OF THE 7TH
San Diego Padres batting - Pitching for Arizona Diamondbacks : RHP Corbin Burnes
Batting: RHB Jorge Alfaro 0-0: Called Strike
0-1: Foul Ball, location: 2RF
0-2: Strikes out looking
Pitching: LHP David Peterson
Batting: LHB Mike Moustakas 0-0: Foul Ball, location: 5SF
0-1: Fly out, F7 (Flyball, 78S, EV 85.0 MPH)
Batting: RHB Harrison Bader 0-0: Ball
1-0: Ball
2-0: Called Strike
2-1: DOUBLE (Line Drive, 78D, EV 100.0 MPH)
Batting: LHB Freddie Freeman 0-0: Ball
1-0: Foul Ball, location: 23F
1-1: Foul Ball, location: 7LMF
1-2: Fly out, F3 (Line Drive, 3, EV 73.1 MPH)
Bottom of the 7th over - 0 runs, 1 hit, 0 errors, 1 left on base; Arizona 5 - San Diego 2
TOP OF THE 8TH
Arizona Diamondbacks batting - Pitching for San Diego Padres : LHP Tanner Scott
Pitching: LHP Sean Doolittle
Batting: RHB Fernando Tatis Jr. 0-0: Ball
1-0: Swinging Strike
1-1: Foul Ball, location: 25F
1-2: Foul Ball, location: 2F
1-2: Ball
2-2: Strikes out swinging
Batting: RHB Anthony Rendon 0-0: Called Strike
0-1: Ball
1-1: Ground out 4-3 (Groundball, 4M, EV 93.1 MPH)
Batting: LHB Pavin Smith 0-0: Foul Ball, location: 7LMF
0-1: Swinging Strike
0-2: Fly out, F7 (Flyball, 78M, EV 85.0 MPH)
Top of the 8th over - 0 runs, 0 hits, 0 errors, 0 left on base; Arizona 5 - San Diego 2
BOTTOM OF THE 8TH
San Diego Padres batting - Pitching for Arizona Diamondbacks : LHP David Peterson
Batting: RHB Seiya Suzuki 0-0: Called Strike
0-1: Called Strike
0-2: Foul Ball, location: 5DF
0-2: Strikes out looking
Batting: LHB Joc Pederson 0-0: Ball
1-0: Foul Ball, location: 2F
1-1: Swinging Strike
1-2: Ball
2-2: Ball
3-2: Base on Balls
Batting: SHB Tommy Edman 0-0: Fielders Choice at 2nd, 5-4 (Groundball, 56, EV 91.3 MPH)
Batting: SHB Carlos Santana 0-0: Ball
1-0: Ball
2-0: Ball
3-0: Called Strike
3-1: Called Strike
3-2: Foul Ball, location: 5F
3-2: Foul Ball, location: 2LF
3-2: Fly out, F9 (Flyball, 89D, EV 103.8 MPH)
Bottom of the 8th over - 0 runs, 0 hits, 0 errors, 1 left on base; Arizona 5 - San Diego 2
TOP OF THE 9TH
Arizona Diamondbacks batting - Pitching for San Diego Padres : LHP Sean Doolittle
Pitching: RHP Jose Leclerc
Batting: LHB Ryan McMahon 0-0: Called Strike
0-1: Ball
1-1: Fly out, F8 (Flyball, 8LXD, EV 110.0 MPH)
Batting: RHB Ramon Laureano 0-0: Called Strike
0-1: Ground out 5-3 (Groundball, 56, EV 84.4 MPH)
Batting: RHB Patrick Wisdom 0-0: Ball
1-0: Ground out 5-3 (Groundball, 56, EV 89.4 MPH)
Top of the 9th over - 0 runs, 0 hits, 0 errors, 0 left on base; Arizona 5 - San Diego 2
BOTTOM OF THE 9TH
San Diego Padres batting - Pitching for Arizona Diamondbacks : LHP David Peterson
Pitching: RHP Freddy Peralta
Batting: RHB Edmundo Sosa 0-0: Ball
1-0: Ball
2-0: Called Strike
2-1: Ground out 4-3 (Groundball, 4, EV 88.1 MPH)
Pinch Hitting: LHB Conner Capel 0-0: Called Strike
0-1: Foul Ball, location: 2F
0-2: Ball
1-2: Strikes out swinging
Batting: LHB Mike Moustakas 0-0: Ball
1-0: Ball
2-0: Swinging Strike
2-1: DOUBLE (Flyball, 78XD, EV 98.8 MPH)
Batting: RHB Harrison Bader 0-0: Ball
1-0: Fly out, F8 (Flyball, 8LM, EV 93.1 MPH)
Bottom of the 9th over - 0 runs, 1 hit, 0 errors, 1 left on base; Arizona 5 - San Diego 2
Sunday, October 29th , 2023 - OOTP Baseball 24.10 Build 82